 Dungeon Crawl Stone Soup version 0.17-a0-587-g4707e02 (webtiles) character file.

23282 Radiman the Executioner (level 13, 0/101 HPs)
             Began as a Hill Orc Berserker on Apr 14, 2015.
             Was an Elder of Trog.
             Slain by a catoblepas (8 damage)
             ... on level 4 of the Lair of Beasts on Apr 15, 2015.
             The game lasted 00:59:49 (15752 turns).

Radiman the Executioner (Hill Orc Berserker)       Turns: 15752, Time: 00:59:49

Health: 0/101      AC: 20    Str: 25    XL:     13   Next: 5%
Magic:  4/4        EV:  2    Int: 10    God:    Trog [****..]
Gold:   716        SH:  0    Dex: 10    Spells: 0 memorised, 12 levels left

rFire  . . .     SeeInvis +     T - +2 executioner's axe (antimagic)
rCold  . . .     Clarity  .     H - +0 plate armour (curse)
rNeg   + + +     SustAb   +     (no shield)
rPois  ∞         Gourm    .     Y - +0 helmet {Int+3}
rElec  .         Spirit   .     X - +2 cloak {+Inv}
rCorr  .         Warding  +     B - +2 pair of gloves
rMut   .         Stasis   .     (no boots)
MR     .....                    h - amulet of warding
Stlth  ..........               N - ring "Cuoruk" {SustAb rN+ SInv}
                                w - +3 ring of slaying

@: exhausted, petrified, slowed, not resistant to hostile enchantments,
extremely unstealthy
A: no striking features
a: Burn Spellbooks, Berserk, Trog's Hand, Brothers in Arms, Renounce Religion,
Evoke Invisibility


You were on level 4 of the Lair of Beasts.
You worshipped Trog.
Trog was greatly pleased with you.
You were near starving.

You visited 2 branches of the dungeon, and saw 13 of its levels.
You also visited: Labyrinth and Sewer.

You collected 716 gold pieces.

Inventory:

Hand weapons
 T - a +2 antimagic executioner's axe (weapon)
Armour
 B - a +2 pair of gloves (worn)
 H - a cursed +0 plate armour (worn)
 X - a +2 cloak of invisibility (worn)
 Y - a +0 helmet of intelligence (worn)
Rods
 I - a +6 rod of ignition (9/9)
   (You found it in a labyrinth)
Jewellery
 g - an uncursed ring of protection from fire
 h - an amulet of warding (around neck)
 w - a +3 ring of slaying (left hand)
 N - the ring "Cuoruk" (right hand) {SustAb rN+ SInv}
   (You found it in a labyrinth)

   [ring of sustain abilities]

   It sustains your strength, intelligence and dexterity.
   It protects you from negative energy.
   It enhances your eyesight.
Magical devices
 o - a wand of confusion (11)
 G - a wand of cold (11)
 M - a wand of cold (2)
 S - a wand of lightning (7)
 W - a wand of disintegration (10)
Scrolls
 a - a scroll of enchant armour
 d - a scroll of fog {unknown}
 j - a scroll of random uselessness {unknown}
 l - a scroll of fear {unknown}
 q - a scroll of recharging {unknown}
 s - 4 scrolls of remove curse
 v - a scroll of enchant weapon {unknown}
 y - 3 scrolls of teleportation
 E - a scroll of magic mapping
 J - 2 scrolls of blinking {unknown}
 R - a scroll of vulnerability {unknown}
 V - a scroll of holy word {unknown}
Potions
 b - 3 potions of flight
 e - a potion of beneficial mutation {unknown}
 f - a potion of ambrosia
 i - 5 potions of curing
 n - 4 potions of heal wounds {unknown}
 p - a potion of agility {unknown}
 x - a potion of degeneration {unknown}
 z - 3 potions of restore abilities {unknown}
 A - 3 potions of poison {unknown}
 C - a potion of mutation {unknown}
 D - a potion of invisibility {unknown}
 O - a potion of might {unknown}
 Q - a potion of resistance {unknown}
Comestibles
 c - 6 bread rations
 k - 2 slices of pizza
 m - 10 fruits
 t - 4 beef jerkies
 u - 4 meat rations


   Skills:
 - Level 5.5 Fighting
 * Level 23.5 Axes
 - Level 6.1 Armour
 - Level 1.5 Dodging


You had 12 spell levels left.
You didn't know any spells.

Dungeon Overview and Level Annotations

Branches:
Dungeon (9/15)             Temple (0/1) D:6            Lair (4/8) D:8
 Shoals (0/5) Lair:4       Spider (0/5) Lair:4
    Orc: D:9-12

Altars:
Ashenzari
Cheibriados
Elyvilon
Gozag
Makhleb
Okawaru
Trog
Vehumet
Yredelemnul
The Shining One


Message History

The catoblepas gores you but does no damage.
The catoblepas breathes a plume of calcifying dust at you.
The blast of calcifying dust hits you!
You turn to flesh and can move again.
You feel better.
You are engulfed in calcifying dust.
You are slowing down.
The catoblepas breathes a plume of calcifying dust at you.
The blast of calcifying dust hits you!
You feel better.
You are engulfed in calcifying dust.
The catoblepas snuffles in challenge.
The catoblepas completely misses you.
The catoblepas breathes a plume of calcifying dust at you.
The blast of calcifying dust hits you!
* * * LOW HITPOINT WARNING * * *
The catoblepas gores you.
* * * LOW HITPOINT WARNING * * *
You have turned to stone.
The catoblepas gores you but does no damage.
The catoblepas gores you!
You die...

##....#+#### #.......######P..##
####....# ##...#### ###.##
.####+.## #..## #...##
)##.....## #...# ##...#
.##.....P##### ##..## ##..#.#
##P.....'....# #.'#.###
##.#+#.## #......##P..###......#
#........
##......##..##......#..+......†.
##......#.#..?.@Y...P.#....[..†.
#......P##...##.......#.........
##......##.#..#......###.....>..
#........###..#.....###.........
###......##
##.#......##......... P#......##
.#......##......... ..+.....#
.......P ##........ P.......#
##..... ##..##... #....P### #P#
##.....


You could see a catoblepas.

Vanquished Creatures
  A minotaur (Lab)
  A hydra (Lair:3)
  Erica (Lair:1)
  The ghost of Radiman the Severer, an experienced HOBe of Trog (D:7)
  Pikel (D:5)
  2 sirens (Lair:4)
  A black mamba (Lair:4)
  4 elephants (Lair:2)
  2 torpor snails
  6 spiny frogs
  The ghost of Baka the Covered, an experienced GrFi (D:5)
  A fire drake (Lair:2)
  4 komodo dragons
  8 blink frogs
  2 merfolk (Lair:4)
  A two-headed ogre (D:8)
  A deep elf mage (D:6)
  13 yaks
  4 trapdoor spiders (Lair:4)
  4 basilisks
  10 wolves
  6 hippogriffs
  3 porcupines
  A sky beast (D:7)
  An ice beast (D:6)
  3 slaves (D:5)
  10 water moccasins
  An ogre (D:7)
  A boring beetle (Lair:3)
  3 orc warriors
  14 crocodiles
  2 centaurs (D:8)
  A big kobold (Sewer)
  Blork the orc (D:5)
  11 giant frogs
  3 scorpions
  5 electric eels
  2 jellies
  A goliath beetle (D:6)
  3 hounds
  3 orc priests
  11 orc wizards
  2 crimson imps
  A gnoll shaman (D:8)
  9 iguanas
  2 giant frog skeletons
  4 worker ants
  A killer bee zombie (D:7)
  20 sheep
  A worker ant zombie (D:7)
  9 gnolls
  43 river rats
  8 adders
  3 shadow imps (D:6)
  5 oozes
  An adder skeleton (D:7)
  3 worms
  6 giant geckos
  26 orcs
  A ball python (D:5)
  A bat skeleton (D:5)
  3 giant cockroaches
  14 hobgoblins
  10 jackals
  3 quokkas
  12 bats
  A giant cockroach zombie (D:6)
  7 giant newts
  15 goblins
  18 kobolds
  An orc zombie (D:6)
  25 rats
  3 fungi
  3 plants
416 creatures vanquished.

Vanquished Creatures (others)
  A quokka (D:5)
  A bat (D:6)
  A fungus (D:8)
  5 toadstools (D:1)
8 creatures vanquished.

Grand Total: 424 creatures vanquished

Notes
Turn   | Place    | Note
--------------------------------------------------------------
     0 | D:1      | Radiman, the Hill Orc Berserker, began the quest for the Orb.
     0 | D:1      | Reached XP level 1. HP: 19/19 MP: 1/1
   444 | D:1      | Reached XP level 2. HP: 26/26 MP: 2/2
   911 | D:1      | Reached skill level 5 in Axes
   945 | D:2      | Found a shattered altar of Ashenzari.
  1004 | D:2      | Reached XP level 3. HP: 31/31 MP: 3/3
  1321 | D:2      | Acquired Trog's second power
  1502 | D:2      | Reached skill level 6 in Axes
  1629 | D:2      | Reached XP level 4. HP: 25/39 MP: 4/4
  2270 | D:3      | Reached skill level 7 in Axes
  2274 | D:3      | Reached XP level 5. HP: 13/45 MP: 5/5
  2490 | D:3      | Found a burning altar of Makhleb.
  2801 | D:4      | Reached skill level 8 in Axes
  3589 | D:4      | Reached XP level 6. HP: 15/51 MP: 6/6
  3908 | D:4      | Found a runed door.
  3926 | D:4      | Reached skill level 9 in Axes
  4070 | D:4      | Reached XP level 7. HP: 36/57 MP: 7/7
  4257 | D:4      | Reached skill level 10 in Axes
  4308 | D:5      | Entered Level 5 of the Dungeon
  4308 | D:5      | Noticed Blork the orc
  4313 | D:5      | Killed Blork the orc
  4424 | D:5      | Noticed Pikel
  4528 | D:5      | Killed Pikel
  4528 | D:5      | Reached skill level 12 in Axes
  4528 | D:5      | Reached XP level 8. HP: 25/64 MP: 8/8
  4614 | D:5      | Found an opulent altar of Gozag.
  4694 | D:5      | Noticed Baka's ghost (experienced GrFi)
  4704 | D:5      | Killed Baka's ghost
  4704 | D:5      | Reached skill level 13 in Axes
  4709 | D:5      | Found a glowing drain.
  4720 | Sewer    | Entered a sewer
  4730 | Sewer    | Acquired Trog's third power
  5046 | Sewer    | Found a white marble altar of Elyvilon.
  5232 | D:5      | Received a gift from Trog
  5433 | D:5      | Reached skill level 14 in Axes
  5698 | D:6      | Reached XP level 9. HP: 64/70 MP: 9/9
  6225 | D:6      | Found a snail-covered altar of Cheibriados.
  6453 | D:6      | Found a staircase to the Ecumenical Temple.
  6488 | D:6      | Reached skill level 15 in Axes
  6719 | D:6      | Found a glowing golden altar of the Shining One.
  6720 | D:6      | Noticed an angel
  6740 | D:6      | Found a basalt altar of Yredelemnul.
  6741 | D:6      | Noticed a profane servitor
  6839 | D:7      | Noticed Radiman's ghost (experienced HOBe)
  6847 | D:7      | Killed Radiman's ghost
  6847 | D:7      | Reached skill level 16 in Axes
  6883 | D:7      | Found a glowing golden altar of the Shining One.
  7000 | D:7      | Found a white marble altar of Elyvilon.
  7413 | D:7      | Reached XP level 10. HP: 50/77 MP: 10/10
  7717 | D:7      | Found an iron altar of Okawaru.
  7835 | D:8      | Reached skill level 17 in Axes
  8269 | D:8      | Reached skill level 18 in Axes
  8531 | D:8      | Found a staircase to the Lair.
  8589 | D:8      | Got a heavily runed scale mail
  8604 | D:8      | Identified the +1 scale mail of Orial {Slay+3} (You found it on level 8 of the Dungeon)
  8641 | D:8      | Found a bloodstained altar of Trog.
  9217 | Lair:1   | Entered Level 1 of the Lair of Beasts
  9375 | Lair:1   | Reached skill level 19 in Axes
  9499 | Lair:1   | Noticed Erica
  9512 | Lair:1   | Killed Erica
  9512 | Lair:1   | Reached XP level 11. HP: 41/82 MP: 11/11
  9882 | Lair:1   | Received a gift from Trog
 10032 | Lair:1   | Reached skill level 20 in Axes
 10660 | Lair:2   | Reached skill level 5 in Armour
 10671 | Lair:2   | Reached skill level 5 in Fighting
 10804 | Lair:2   | Received a gift from Trog
 11363 | Lair:2   | Reached XP level 12. HP: 94/94 MP: 4/12
 11560 | Lair:3   | Reached skill level 21 in Axes
 11675 | Lair:3   | Found a labyrinth entrance.
 11696 | Lab      | Entered a labyrinth
 12256 | Lab      | Noticed a minotaur
 12259 | Lab      | Killed a minotaur
 12262 | Lab      | Identified the Guide on Scorching Conjuration
 12262 | Lab      | Got a translucent ivory ring
 12292 | Lab      | Identified the ring "Cuoruk" {SustAb rN+ SInv} (You found it in a labyrinth)
 12351 | Lair:3   | Noticed a five-headed hydra
 12548 | Lair:2   | Upgraded the game from 0.17-a0-562-gfd539b1 to 0.17-a0-587-g4707e02
 12563 | Lair:3   | Killed an eight-headed hydra
 13241 | Lair:3   | Reached skill level 22 in Axes
 14458 | Lair:4   | Found a radiant altar of Vehumet.
 14725 | Lair:4   | Found a hole to the Spider Nest.
 14960 | Lair:4   | Reached skill level 23 in Axes
 15372 | Lair:4   | Found a staircase to the Shoals.
 15391 | Lair:4   | Reached XP level 13. HP: 29/101 MP: 4/13
 15720 | Lair:4   | Noticed a catoblepas
 15745 | Lair:4   | HP: 5/101 [catoblepas (3)]
 15752 | Lair:4   | Slain by a catoblepas

Action                   |  1- 3 |  4- 6 |  7- 9 | 10-12 | 13-15 || total
-------------------------+-------+-------+-------+-------+-------++-------
Melee: Hand axe          |    91 |   199 |     5 |       |       ||   295
       Battleaxe         |       |       |   219 |   275 |       ||   494
       Executioner's axe |       |       |       |   212 |     9 ||   221
Invok: Berserk           |       |     3 |     5 |     6 |     1 ||    15
       Burn Spellbooks   |       |       |       |     3 |       ||     3
  Use: Scroll            |     3 |     3 |     1 |     7 |       ||    14
       Potion            |       |       |       |     2 |     2 ||     4
  Eat: Chunk             |     2 |    10 |    17 |    30 |       ||    59
       Fruit             |       |       |       |     2 |       ||     2
